 Dungeon Crawl Stone Soup version 0.29.1-15-g9cfb28693d (webtiles) character file.

Game seed: 14371170426789602124

22821 Peloso the Carver (level 12, -20/77 HPs)
             Began as a Minotaur Fighter on Apr 25, 2023.
             Was a High Priest of Okawaru.
             Killed from afar by a ynoxinul (42 damage)
             ... with an iron shot
             ... on level 2 of the Abyss.
             The game lasted 00:32:05 (16904 turns).

Peloso the Carver (Minotaur Fighter)               Turns: 16904, Time: 00:32:05

Health: -20/77     AC: 21    Str: 33 (34) XL:     12   Next: 66%
Magic:  9/9        EV: 10    Int:  0 (1)  God:    Okawaru [*****.]
Gold:   773        SH: 11    Dex:  8 (10) Spells: 11/11 levels left

rFire   . . .      SeeInvis .   a - +2 scimitar
rCold   . . .      Faith    .   c - +0 buckler
rNeg    . . .      Spirit   .   p - +3 chain mail
rPois   .          Reflect  +   (helmet restricted)
rElec   .          Harm     .   h - +1 cloak
rCorr   .          Rampage  .   o - +2 pair of gloves {Stlth+}
Will    .....                   Q - +2 pair of boots
Stlth   ..........              d - amulet of reflection
HPRegen 0.00/turn               n - +6 ring of strength
MPRegen 0.11/turn               s - +6 ring of strength

@: inhibited regen, slowed, lost intelligence, unable to read, unable to drink,
very slow
A: horns 2, retaliatory headbutt, [clumsy 2], [deformed body], [deterioration
2], [dopey 2], [frail 3], [low MP 3], [screaming 2], [inhibited regeneration],
[subdued magic 3], [inability to drink after injury 2], [inability to read after
injury 2]
a: Renounce Religion, Heroism, Finesse, Duel


You were on level 2 of the Abyss.
You worshipped Okawaru.
Okawaru was extremely pleased with you.
You visited 3 branches of the dungeon, and saw 14 of its levels.
You visited the Abyss 1 time.
You also visited: Sewer.

You collected 773 gold pieces.

Inventory:

Hand Weapons
 a - a +2 scimitar (weapon)
Armour
 b - a +0 scale mail
 c - a +0 buckler (worn)
 h - a +1 cloak (worn)
 o - a +2 pair of gloves of stealth (worn)
 p - a +3 chain mail (worn)
 Q - a +2 pair of boots (worn)
Jewellery
 d - an amulet of reflection (around neck)
 j - a +6 ring of intelligence
 l - a ring of protection from cold
 n - a +6 ring of strength (left hand)
 s - a +6 ring of strength (right hand)
 F - a ring of ice
 N - a ring of poison resistance
Wands
 e - a wand of iceblast (1)
 t - a wand of digging (3)
 v - a wand of flame (4)
 D - a wand of polymorph (6)
Scrolls
 f - 2 scrolls of fear
 g - a scroll of summoning
 i - 5 scrolls of teleportation
 k - 2 scrolls of poison {unknown}
 q - 2 scrolls of blinking
 r - 3 scrolls of enchant weapon {unknown}
 y - 2 scrolls of vulnerability {unknown}
 B - 2 scrolls of magic mapping
 H - a scroll of amnesia {unknown}
 I - a scroll of silence {unknown}
 J - 2 scrolls of immolation
 O - a scroll of enchant armour
Potions
 u - a potion of cancellation
 w - a potion of flight
 x - a potion of haste
 z - a potion of invisibility
 A - 2 potions of brilliance
 C - 3 potions of ambrosia
 E - 3 potions of resistance
 G - a potion of heal wounds {unknown}
 K - 2 potions of magic {unknown}
 M - 2 potions of curing
 P - a potion of lignification {unknown}
Miscellaneous
 L - a condenser vane


   Skills:
 + Level 11.4 Fighting
 + Level 14.6 Long Blades
 + Level 13.1 Armour
 + Level 2.8 Dodging
 + Level 0.4 Stealth
 + Level 12.2 Shields
 + Level 3.1 Invocations
 + Level 1.4 Evocations


You had 11 spell levels left.
You didn't know any spells.
Your spell library contained the following spells:

 Spells                   Type           Power      Damage    Failure   Level
 Shock                    Conj/Air       0%         1d3       90%         1
 Sting                    Tmut/Pois      0%         1d3       90%         1
 Poisonous Vapours        Pois/Air       0%         N/A       97%         2
 Static Discharge         Conj/Air       0%         3-3/arc   97%         2
 Sublimation of Blood     Necr           0%         N/A       97%         2
 Wereblood                Tmut           0%         N/A       97%         2
 Dazzling Flash           Conj/Hex       0%         N/A       100%        3
 Gell's Gravitas          Tloc           0%         N/A       100%        3
 Lesser Beckoning         Tloc           0%         N/A       100%        3
 Swiftness                Air            0%         N/A       100%        3
 Teleport Other           Tloc           0%         N/A       100%        3
 Airstrike                Air            0%         2d(0-16)  100%        4
 Dispel Undead            Necr           0%         3d6       100%        4
 Olgreb's Toxic Radiance  Pois           0%         N/A       100%        4
 Sticky Flame             Conj/Fire      0%         2d3       100%        4
 Agony                    Necr           0%         N/A       100%        5
 Freezing Cloud           Conj/Ice/Air   0%         6-21      100%        5
 Silence                  Hex/Air        0%         N/A       100%        5
 Polar Vortex             Ice            0%         N/A       100%        9
 Simulacrum               Ice/Necr       Unusable   N/A       N/A         6
 Summon Hydra             Summ           Unusable   N/A       N/A         7

Dungeon Overview and Level Annotations

Branches:
Dungeon (12/15)            Temple (1/1) D:5            Lair (1/5) D:8
    Orc (0/2) D:9           Sewer (visited)

Altars:
Ashenzari
Elyvilon
Gozag
Nemelex Xobeh
Okawaru
Qazlal
Trog
Uskayaw
Xom

Shops:
D:2 =   D:4 [

Portals:
Abyss: D:4

Annotations:
D:4 2 transporters, Henri's ghost, amateur OpVM
D:9 1 runed translucent door, jonaskbp's ghost, novice DjSu
D:12 Sonja


Innate Abilities, Weirdness & Mutations

You have a pair of horns on your head.
You reflexively headbutt those who attack you in melee.
[You are very clumsy. (Dex -4)]
[Armour fits poorly on your strangely shaped body.]
[Your body often deteriorates upon taking damage.]
[You are very dopey. (Int -4)]
[You are extremely frail. (-30% HP)]
[Your magical capacity is extremely low. (-30% MP)]
[You frequently scream uncontrollably at your foes.]
[You do not regenerate when monsters are visible.]
[Your spells are much easier to cast, but much less powerful.]
[You sometimes lose the ability to drink potions when taking damage.]
[You sometimes lose the ability to read scrolls when taking damage.]


Message History

The ufetubus hits you but does no damage.
You block the ufetubus's attack. The ufetubus closely misses you.
The ufetubus hits you but does no damage.
You hit the wretched star.
You headbutt the wretched star, but do no damage.
The wretched star is moderately damaged.
The ufetubus closely misses you. You block the ufetubus's attack. x2
The ufetubus hits you but does no damage.
The ynoxinul hits you but does no damage.
The ufetubus hits you but does no damage.
You block the ufetubus's attack.
You hit the wretched star but do no damage.
The wretched star is moderately damaged.
The ufetubus hits you but does no damage.
You block the ufetubus's attack.
The ufetubus hits you but does no damage.
The ufetubus barely misses you. x2
The ufetubus hits you but does no damage.
The wretched star pulses with an eldritch light!
You feel less energetic.
The ynoxinul gestures.
The ufetubus closely misses you. You furiously retaliate!
You headbutt the ufetubus.
You kill the ufetubus!
The ufetubus disappears in a puff of smoke!
You block the ufetubus's attack. The ufetubus closely misses you.
The ufetubus hits you.
* * * LOW HITPOINT WARNING * * *
The ufetubus misses you.
You slash the wretched star! Your headbutt misses the wretched star.
The wretched star is heavily damaged.
You block the ufetubus's attack. x3
The ufetubus hits you but does no damage. x2
The ufetubus closely misses you. The ynoxinul gestures at you.
The iron shot hits you!!!
You feel threatened and lose the ability to read scrolls!
You feel threatened and lose the ability to drink potions!
Ouch! That really hurt!
You die...

## # #
... # # .
#.######
# ##...#
# #. .
.##
#.....##.
##.# #. .
.
#.##.##.
#.#.##.
.##..5# .
. .
#*##5# #
## #.
#5@3#.. #
# #
.#5*5.5.#
# ##. ..
#
#.###5##
#. #.
.... #...
# . # #
#.. .# .
#.#.#
.### #.#
.## .#.#
... .
.#.. .# .
# #


You could see 2 wretched stars, a ynoxinul and 6 ufetubi.

Vanquished Creatures
  A hydra (D:12)
  2 boulder beetles
  Erolcha (D:11)
  2 two-headed ogres (D:10)
  Nergalle (D:11)
  Amaemon (D:11)
  3 ugly things
  2 cyclopes (D:10)
  6 centaur zombies (D:11)
  3 unseen horrors
  A gargoyle (D:7)
  An orange demon (D:11)
  2 komodo dragons
  A tengu conjurer (D:11)
  5 trolls
  A hornet (D:10)
  4 slime creatures
  A meliai zombie (D:11)
  3 shadows (D:11)
  2 vampires (D:11)
  20 yaks
  2 wraiths (D:12)
  3 wyverns
  A steam dragon (D:10)
  3 vampire mosquitoes (D:11)
  A basilisk (D:12)
  Menkaure (D:5)
  3 water moccasins
  4 sky beasts
  A black bear (D:7)
  2 ice beasts
  5 orc warriors
  4 centaurs
  A kobold brigand (D:10)
  3 necrophages
  4 bullfrogs
  9 scorpions
  A small abomination (Abyss:2)
  8 wights
  9 killer bees (D:7)
  4 jellies
  3 howler monkeys
  5 hounds
  A gnoll bouda (D:8)
  5 orc priests
  3 iguanas
  7 orc wizards
  2 howler monkey zombies (D:11)
  8 adders
  8 gnolls
  A shadow imp (D:5)
  A white imp (D:6)
  3 worms
  4 dart slugs
  26 orcs
  4 bats
  2 endoplasms
  10 giant cockroaches
  5 goblins
  7 hobgoblins
  3 jackals (D:2)
  8 quokkas
  16 ball pythons
  8 frilled lizards
  3 kobolds
  5 rats
280 creatures vanquished.

Vanquished Creatures (others)
  7 plants
  A withered plant (D:11)
8 creatures vanquished.

Grand Total: 288 creatures vanquished

Notes
Turn   | Place    | Note
-------+----------+-------------------------------------------
     0 | D:1      | Peloso the Minotaur Fighter began the quest for the Orb.
     0 | D:1      | Reached XP level 1. HP: 19/19 MP: 0/0
   133 | D:1      | Reached XP level 2. HP: 23/27 MP: 1/1
   276 | D:1      | Found a faded altar of an unknown god.
   713 | D:2      | Reached XP level 3. HP: 34/34 MP: 2/2
   856 | D:2      | Found Ritos's Jewellery Shop.
   963 | D:2      | Reached skill level 3 in Long Blades
  1210 | D:3      | Reached XP level 4. HP: 20/41 MP: 3/3
  1482 | D:3      | Found a glowing drain.
  1486 | Sewer    | Entered a sewer
  1615 | Sewer    | Reached skill level 4 in Long Blades
  1632 | Sewer    | Reached XP level 5. HP: 44/47 MP: 4/4
  1947 | Sewer    | Reached skill level 5 in Fighting
  1947 | Sewer    | Reached skill level 5 in Armour
  1954 | Sewer    | Reached XP level 6. HP: 16/56 MP: 5/5
  3107 | D:4      | Found Kusemn's Antique Armour Emporium.
  3189 | D:4      | Found a transporter.
  3266 | D:4      | Found a one-way gate to the infinite horrors of the Abyss.
  3271 | D:4      | Noticed Henri's ghost (amateur OpVM)
  3272 | D:4      | Found a transporter.
  3304 | D:3      | Reached skill level 5 in Long Blades
  3508 | D:3      | Reached skill level 5 in Shields
  3938 | D:4      | Noticed a small abomination
  4104 | D:4      | Reached XP level 7. HP: 61/61 MP: 6/6
  4382 | D:5      | Entered Level 5 of the Dungeon
  4418 | D:5      | Reached skill level 6 in Long Blades
  4701 | D:5      | Noticed Menkaure
  4711 | D:5      | Killed Menkaure
  4712 | D:5      | Reached skill level 1 in Dodging
  5039 | D:5      | Reached skill level 7 in Long Blades
  5039 | D:5      | Reached XP level 8. HP: 69/69 MP: 7/7
  5056 | D:5      | Found a staircase to the Ecumenical Temple.
  5192 | Temple   | Entered the Ecumenical Temple
  5230 | Temple   | Became a worshipper of Warmaster Okawaru
  5949 | D:6      | Reached * piety under Okawaru
  5973 | D:6      | Reached skill level 8 in Long Blades
  6421 | D:6      | Reached skill level 9 in Long Blades
  6421 | D:6      | Reached XP level 9. HP: 65/75 MP: 8/8
  6717 | D:7      | Reached ** piety under Okawaru
  7225 | D:7      | Killed an unseen horror
  7535 | D:7      | Noticed a gargoyle
  7539 | D:7      | Reached skill level 10 in Long Blades
  7552 | D:7      | Killed a gargoyle
  7873 | D:7      | Noticed a troll
  7884 | D:7      | Killed a troll
  7884 | D:7      | Reached *** piety under Okawaru
  8111 | D:7      | Reached XP level 10. HP: 74/86 MP: 6/9
  8915 | D:8      | Reached skill level 1 in Invocations
  9116 | D:8      | Reached skill level 10 in Armour
  9262 | D:8      | Found a shimmering altar of Xom.
  9266 | D:8      | Found a hide-covered altar of Uskayaw.
  9267 | D:8      | Found a sparkling altar of Nemelex Xobeh.
  9269 | D:8      | Found a bloodstained altar of Trog.
  9398 | D:8      | Found a staircase to the Lair.
  9793 | D:8      | Reached skill level 11 in Long Blades
 10210 | D:9      | Found a runed translucent door.
 10210 | D:9      | Noticed jonaskbp's ghost (novice DjSu)
 10589 | D:9      | Found a staircase to the Orcish Mines.
 10641 | D:9      | Identified the +9 war axe of Incongruity {vorpal, rC+ Int+3
                  | Dex-4}
 11042 | D:10     | Entered Level 10 of the Dungeon
 11091 | D:10     | Reached **** piety under Okawaru
 11096 | D:10     | Reached skill level 10 in Shields
 11228 | D:10     | Noticed a cyclops
 11238 | D:10     | Killed a cyclops
 11239 | D:10     | Reached skill level 12 in Long Blades
 11597 | D:10     | Identified the +8 halberd of Qeziq {distort, rPois rC+
                  | Int+3}
 11818 | D:10     | Noticed a two-headed ogre
 11832 | D:10     | Killed a two-headed ogre
 11833 | D:10     | Reached XP level 11. HP: 60/95 MP: 8/11
 11843 | D:10     | Reached ***** piety under Okawaru
 12000 | D:10     | Noticed a two-headed ogre
 12298 | D:10     | Paralysed by a hornet for 3 turns
 12590 | D:10     | Killed a two-headed ogre
 13361 | D:11     | Reached skill level 13 in Long Blades
 13482 | D:11     | Noticed Erolcha
 13759 | D:11     | Killed Erolcha
 13939 | D:11     | Noticed a cyan ugly thing
 13949 | D:11     | Killed a cyan ugly thing
 14065 | D:11     | Noticed a boulder beetle
 14113 | D:11     | Killed a boulder beetle
 14113 | D:11     | Received a gift from Okawaru
 14114 | D:11     | Reached skill level 1 in Evocations
 14708 | D:11     | Noticed Amaemon
 14737 | D:11     | Killed Amaemon
 14738 | D:11     | Reached XP level 12. HP: 66/106 MP: 12/12
 14743 | D:11     | Reached skill level 10 in Fighting
 15128 | D:11     | Reached skill level 14 in Long Blades
 15187 | D:11     | Noticed Nergalle
 15198 | D:11     | Killed Nergalle
 15665 | Lair:1   | Entered Level 1 of the Lair of Beasts
 15703 | Lair:1   | Noticed a four-headed hydra
 16059 | D:12     | Noticed a four-headed hydra
 16071 | D:12     | Killed a four-headed hydra
 16715 | D:12     | Noticed a boulder beetle
 16747 | D:12     | Noticed Sonja
 16753 | D:12     | Killed a boulder beetle
 16753 | D:12     | Identified the +0 chain mail "Vasy" {rN+ Will+ Str-5}
                  | (Okawaru gifted it to you on level 12 of the Dungeon)
 16753 | D:12     | Received a gift from Okawaru
 16754 | Abyss:2  | Cast into level 2 of the Abyss (Sonja)
 16893 | Abyss:2  | Lost intelligence.
 16904 | Abyss:2  | Killed from afar by a ynoxinul

Illustrated notes

Levels and vault maps discovered:
D:1:      dpeg_arrival_snail, layout_rooms, shapermc_ecumenical_altar_venn
D:2:      layout_basic, serial_shops, nicolae_shop_waterfront,
          hangedman_decor_points, minmay_shallow_snake_nest
D:3:      layout_basic, gup_sewer_entry_spiral,
          hangedman_abyss_or_decor_lesser_grid, serial_bayou_pond_e,
          grunt_ministairs_3, minmay_tree_intersection
D:4:      layout_loops_corners, gammafunk_ghost_abyssal_escape, serial_shops,
          nicolae_shop_crystal, minmay_hedge_maze
D:5:      layout_basic, minmay_temple_entry_antechambers, uniq_menkaure
D:6:      layout_gridville
D:7:      layout_rooms, wad_mini_maze
D:8:      layout_rooms, minitemple, david_lair_shrubbed
D:9:      layout_gridville, orc_0_dummy, hellmonk_ghost_happy_afterlife
D:10:     layout_loops_cross, minmay_diced_spiral
D:11:     layout_basic, serial_undead, serial_undead_f, serial_undead_b,
          serial_undead_b, serial_undead_e, chequers_serial_rivers_small_b,
          minmay_misc_feat_square, uniq_erolcha, uniq_amaemon, uniq_nergalle
D:12:     layout_basic, glass_columns_c, kennysheep_generic_room_6, uniq_sonja
Temple:   mainiacjoe_temple_bowtie_tessellation
Lair:1:   layout_small_grid, serial_bayou_pond_a
Abyss:2:  base:
D:12

Skill      XL: |  1  2  3  4  5  6  7  8  9 10 11 12 |
---------------+-------------------------------------+-----
Fighting       | 4 5 6 7 8 9 11 | 11.4
Armour         | 4 5 6 8 9 11 12 13 | 13.1
Shields        | 4 5 6 7 8 10 11 12 | 12.2
Long Blades    | 3 4 5 7 9 10 12 13 14 | 14.6
Dodging        | 1 2 |  2.8
Invocations    | 1 2 3 |  3.1
Evocations     | 1 |  1.4
Stealth        | |  0.4

Action                   |  1- 3 |  4- 6 |  7- 9 | 10-12 || total
-------------------------+-------+-------+-------+-------++-------
Melee: Long sword        |    83 |   178 |   338 |    69 ||   668
       Headbutt          |     9 |    26 |    59 |   184 ||   278
       Scimitar          |       |       |       |   596 ||   596
Throw: Throwing net      |       |       |       |     1 ||     1
Invok: Heroism           |       |       |     7 |    31 ||    38
Evoke: Wand              |       |       |     3 |    24 ||    27
  Use: Scroll            |       |     9 |     3 |     6 ||    18
       Potion            |       |     3 |     1 |       ||     4
 Stab: Held in net/web   |       |       |       |     1 ||     1
Armor: Scale mail        |    37 |       |       |       ||    37
       Plate armour      |    12 |   159 |   179 |   161 ||   511
       Chain mail        |       |       |       |   162 ||   162
Dodge: Dodged            |    58 |    66 |    69 |   201 ||   394
Block: Buckler           |    25 |    80 |   165 |   358 ||   628
       Reflection        |       |     3 |     3 |    11 ||    17
